 Dungeon Crawl Stone Soup version 0.26.1-11-gd32895ea62 (webtiles) character file.

Game seed: 1505144068854385650

25884 Revguard the Thaumaturge (level 12, -2/93 HPs)
             Began as a Deep Elf Venom Mage on Apr 23, 2021.
             Was a Priest of Fedhas.
             Slain by a fire dragon (5 damage)
             ... on level 11 of the Dungeon.
             The game lasted 01:12:29 (16503 turns).

Revguard the Thaumaturge (Deep Elf Venom Mage)     Turns: 16503, Time: 01:12:29

Health: -2/93      AC: 12    Str:  6    XL:     12   Next: 93%
Magic:  2/29       EV: 13    Int: 20    God:    Fedhas [***...]
Gold:   751        SH:  5    Dex: 18    Spells: 5/33 levels left

rFire    . . .     SeeInvis .     - Unarmed
rCold    + . .     Faith    .   (shield currently unavailable)
rNeg     . . .     Spirit   .   (armour currently unavailable)
rPois    +         Reflect  +   (helmet currently unavailable)
rElec    .         Harm     .   (cloak currently unavailable)
rCorr    .         Rampage  .   (gloves currently unavailable)
Will     +....     Clarity  +   (boots currently unavailable)
Stlth    +++.......             f - amulet of reflection
HPRegen  0.25/turn              m - ring of protection from cold
MPRegen  0.21/turn              e - +4 ring of protection

@: hydra-form (expiring), very slightly contaminated, invisible
A: very large, clarity, dopey 1
a: End Transformation, Renounce Religion, Wall of Briars, Grow Ballistomycete


You were on level 11 of the Dungeon.
You worshipped Fedhas.
Fedhas was most pleased with you.
You were a five-headed hydra.
You visited 2 branches of the dungeon, and saw 12 of its levels.
You also visited: Bailey.

You collected 751 gold pieces.

Inventory:

Armour
 a - a +2 robe (melded)
 q - a +2 pair of gloves (melded)
 v - a +2 pair of boots (melded)
 C - the +3 hat of Pondering (melded) {ponderous, Will+ MP+10 Int+5}
   (You took it off Gastronok on level 9 of the Dungeon)

   It affects your intelligence (+5).
   It affects your willpower, your defense against some magical effects.
   It affects your magic capacity (+10).
Magical Staves
 J - an uncursed staff of air (melded)
Jewellery
 d - an uncursed ring of stealth
 e - a +4 ring of protection (right foreclaw)
 f - an amulet of reflection (around neck)
 i - an uncursed ring of fire
 m - a ring of protection from cold (left foreclaw)
 r - an uncursed ring of flight
 B - an uncursed amulet of faith {unknown}
 F - an uncursed amulet of faith {unknown}
Wands
 w - a wand of paralysis (28)
 x - a wand of flame (38)
 y - a wand of iceblast (8)
 D - a wand of digging (4)
 I - a wand of enslavement (5)
Scrolls
 b - 3 scrolls of magic mapping
 g - 4 scrolls of teleportation
 h - a scroll of silence {unknown}
 k - a scroll of fear
 l - 9 scrolls of remove curse
 n - a scroll of blinking
 p - 2 scrolls of enchant weapon
 t - 4 scrolls of fog
 z - a scroll of amnesia
 A - a scroll of vulnerability {unknown}
Potions
 c - 2 potions of might
 j - 2 potions of attraction
 o - 3 potions of flight
 s - 4 potions of curing
 u - 4 potions of heal wounds
 E - a potion of berserk rage
 H - a potion of ambrosia {unknown}
 K - a potion of mutation


   Skills:
 * Level 7.1 Fighting
 + Level 4.2 Staves
 + Level 1.1 Armour
 * Level 8.3 Dodging
 + Level 4.3 Stealth
 + Level 1.6 Shields
 + Level 1.6 Unarmed Combat
 + Level 11.3 Spellcasting
 + Level 4.9 Conjurations
 + Level 1.9 Hexes
 + Level 1.5 Summonings
 + Level 1.7 Necromancy
 + Level 1.5 Translocations
 * Level 7.0 Transmutations
 + Level 5.3 Fire Magic
 + Level 1.5 Ice Magic
 + Level 5.5 Air Magic
 + Level 1.6 Earth Magic
 + Level 8.6 Poison Magic
 * Level 5.9 Invocations
 + Level 4.6 Evocations


You had 5 spell levels left.
You knew the following spells:

 Your Spells              Type           Power        Failure   Level
a - Sting                 Tmut/Pois      100%         1%          1
b - Poisonous Vapours     Pois/Air       78%          1%          2
c - Mephitic Cloud        Conj/Pois/Air  36%          1%          3
d - Ignite Poison         Fire/Tmut/Pois 39%          1%          3
e - Olgreb's Toxic Radia  Pois           46%          1%          4
f - Petrify               Tmut/Erth      28%          11%         4
g - Yara's Violent Unrav  Hex/Tmut       14%          26%         5
h - Hydra Form            Tmut           19%          45%         6

Your spell library contained the following spells:

 Spells                   Type           Power        Failure   Level
 Beastly Appendage        Tmut           78%          1%          1
 Magic Dart               Conj           100%         1%          1
 Searing Ray              Conj           60%          1%          2
 Wereblood                Tmut           39%          1%          2
 Spider Form              Tmut/Pois      21%          1%          3
 Animate Skeleton         Necr           36%          3%          1
 Pain                     Necr           72%          3%          1
 Dazzling Flash           Conj/Hex       48%          4%          3
 Confusing Touch          Hex            19%          9%          3
 Vampiric Draining        Necr           9%           9%          3
 Gell's Gravitas          Tloc           8%           10%         3
 Blade Hands              Tmut           19%          10%         5
 Ice Form                 Ice/Tmut       28%          11%         4
 Irradiate                Conj/Tmut      17%          14%         5
 Fulminant Prism          Conj/Hex       12%          16%         4
 Iskenderun's Mystic Bla  Conj/Tloc      24%          16%         4
 Fireball                 Conj/Fire      15%          21%         5
 Animate Dead             Necr           9%           30%         4
 Agony                    Necr           18%          63%         5
 Metabolic Englaciation   Hex/Ice        9%           63%         5
 Starburst                Conj/Fire      15%          75%         6
 Statue Form              Tmut/Erth      18%          85%         6
 Dragon Form              Tmut           19%          96%         7
 Ignition                 Fire           16%          100%        8


Dungeon Overview and Level Annotations

Branches:
Dungeon (11/15)            Temple (1/1) D:6            Lair (0/6) D:11
 Bailey (visited)
    Orc: D:9-12

Altars:
Ashenzari
Cheibriados
Dithmenos
Elyvilon
Fedhas
Gozag
Hepliaklqana
Kikubaaqudgha
Makhleb
Nemelex Xobeh
Okawaru
Qazlal
Ru
Sif Muna
Trog
Uskayaw
Vehumet
Wu Jian
Xom
Yredelemnul
Zin
The Shining One

Shops:
D:7 (   D:10 (


Innate Abilities, Weirdness & Mutations

((You have a pair of small horns on your head.))
You possess an exceptional clarity of mind.
You are dopey. (Int -2)


Message History

A ballistomycete spore comes into view.
The fire dragon bites you! The fire dragon barely misses you.
You block the fire dragon's attack.
The bullfrog hits your wandering mushroom.
Your ballistomycete spore explodes!
Fedhas protects your plant from harm.
The bullfrog appears confused.
The explosion of spores engulfs the bullfrog!!
You kill the bullfrog!
Fedhas accepts your kill. Fedhas protects your plant from harm.
You hear a croak.
You hear two shouts!
The fire dragon breathes flames at you. The blast of flame hits you!!
* * * LOW HITPOINT WARNING * * *
A bullfrog comes into view.
You hear a shout! x2
The fire dragon bites you but does no damage.
The fire dragon claws you.
You die...
Fedhas appreciates your contribution to the ecosystem.

.##### #..#####..# .... #
#.).....# ##.##### #.
#####.#####
#..##..#####.#####.......♣.#
##.#.#.###..#....##.........#
..##..## #....#..##♣♣.......# #
)#..##.###.####F###.†F♣.....#.#
##.###.......)#.D*†...♣⌠......#
.##. ######.####DPf.P*......#.#
#.#.# #..#....##.♣.......#...
..#. #....#..##......♣..# #
##.. ####.#####.......).#
#########)#########.#####..
...........÷.).).........
#....##.#####.##....##... ..#.
#(# #..##.....# . # #>#
#..###...#....


You could see a fire dragon (catching breath), 2 bullfrogs, a friendly wandering
mushroom (summoned), a friendly ballistomycete (summoned), a friendly oklob
sapling (summoned) and 2 friendly ballistomycete spores.

Vanquished Creatures
  A boulder beetle (D:11)
  Erica (D:8)
  A two-headed ogre (D:8)
  Pikel (D:4)
  3 cyclopes
  4 orc knights (Bailey)
  Joseph (D:9)
  A kobold demonologist (D:8)
  A troll (D:11)
  A hornet (D:9)
  A wraith (D:11)
  3 wyverns
  10 yaks (D:10)
  Grum (D:8)
  A basilisk (D:11)
  2 water moccasins
  A sky beast (D:11)
  4 ice beasts
  16 orc warriors
  A black bear (D:8)
  6 phantoms
  5 centaurs
  9 ogres
  4 wolves (D:8)
  3 lemures (D:4)
  2 big kobolds
  7 bullfrogs
  3 wyvern zombies
  4 scorpions
  2 wights (D:11)
  The ghost of wpisznazwe the Slasher, a weakling DsMo (D:3)
  3 killer bees (D:8)
  3 electric eels (D:10)
  2 howler monkeys
  A bullfrog zombie (D:10)
  3 centaur zombies
  A centaur skeleton (D:4)
  6 hounds
  3 jellies
  2 bullfrog skeletons
  A gnoll shaman (D:5)
  4 orc priests
  4 iguanas
  9 orc wizards
  3 worker ants
  A howler monkey zombie (D:5)
  14 gnolls
  15 adders
  2 hound simulacra (D:3)
  A shadow imp (D:7)
  A white imp (D:9)
  3 ufetubi
  2 oozes
  4 adder skeletons
  2 worms
  A dart slug (D:2)
  10 leopard geckos
  74 orcs
  6 bats
  5 giant cockroaches
  10 hobgoblins
  8 jackals
  7 quokkas
  2 ball pythons
  4 frilled lizards
  16 goblins
  A jackal simulacrum (D:3)
  19 kobolds
  A leopard gecko zombie (D:2)
  A quokka skeleton (D:8)
  A quokka zombie (D:9)
  8 rats
365 creatures vanquished.

Vanquished Creatures (collateral kills)
  Gastronok (D:9)
  A phantom (D:10)
  A scorpion (D:9)
  A hound (D:11)
  2 ballistomycete spores
6 creatures vanquished.

Vanquished Creatures (others)
  3 fungi (D:6)
  17 plants
  3 toadstools (D:6)
23 creatures vanquished.

Grand Total: 394 creatures vanquished

Notes
Turn   | Place    | Note
-------+----------+-------------------------------------------
     0 | D:1      | Revguard the Deep Elf Venom Mage began the quest for the
                  | Orb.
     0 | D:1      | Reached XP level 1. HP: 10/10 MP: 6/6
    97 | D:1      | Reached XP level 2. HP: 7/16 MP: 0/8
   100 | D:1      | Learned a level 2 spell: Poisonous Vapours
   813 | D:1      | Reached XP level 3. HP: 20/20 MP: 6/9
   817 | D:1      | Learned a level 3 spell: Mephitic Cloud
  1146 | D:2      | Reached skill level 1 in Fighting
  1197 | D:2      | Learned a level 3 spell: Ignite Poison
  1284 | D:2      | Reached skill level 1 in Air Magic
  1704 | D:2      | Reached XP level 4. HP: 25/25 MP: 4/11
  2426 | D:2      | Reached skill level 4 in Spellcasting
  3025 | D:3      | Noticed wpisznazwe's ghost (weakling DsMo)
  3039 | D:3      | Reached skill level 1 in Fire Magic
  3039 | D:3      | Reached XP level 5. HP: 29/29 MP: 0/13
  3083 | D:3      | Found a runed translucent gate.
  3083 | D:3      | Found a runed translucent gate.
  3083 | D:3      | Found a runed translucent gate.
  4021 | D:3      | Killed wpisznazwe's ghost
  4419 | D:4      | Reached XP level 6. HP: 35/35 MP: 11/14
  4479 | D:4      | Noticed Pikel
  4847 | D:4      | Killed Pikel
  4848 | D:4      | Reached skill level 1 in Staves
  4848 | D:4      | Reached skill level 5 in Spellcasting
  4848 | D:4      | Reached XP level 7. HP: 33/40 MP: 2/16
  5133 | D:4      | Learned a level 4 spell: Olgreb's Toxic Radiance
  5286 | D:4      | Reached skill level 1 in Conjurations
  5432 | D:4      | Reached XP level 8. HP: 45/45 MP: 6/17
  5920 | D:4      | Reached skill level 1 in Evocations
  6110 | D:5      | Entered Level 5 of the Dungeon
  6202 | D:5      | Reached skill level 5 in Poison Magic
  6749 | D:5      | Found a shadowy altar of Dithmenos.
  7488 | D:5      | Reached skill level 6 in Spellcasting
  8229 | D:6      | Found a staircase to the Ecumenical Temple.
  8247 | Temple   | Entered the Ecumenical Temple
  8478 | Temple   | Became a worshipper of Fedhas Madash
  9200 | D:7      | Reached XP level 9. HP: 52/52 MP: 10/20
  9568 | D:7      | Reached * piety under Fedhas
  9750 | D:7      | Found a stormy altar of Qazlal.
  9917 | D:7      | Found a radiant altar of Vehumet.
 10076 | D:7      | Found Qikk's Antique Weapon Shoppe.
 10443 | D:7      | Gained mutation: You have a pair of small horns on your
                  | head. [potion of mutation]
 10443 | D:7      | Gained mutation: You possess an exceptional clarity of
                  | mind. [potion of mutation]
 10771 | D:8      | Reached skill level 5 in Transmutations
 10771 | D:8      | Reached skill level 1 in Invocations
 10773 | D:8      | Reached skill level 7 in Spellcasting
 10963 | D:8      | Found a shimmering blue altar of Sif Muna.
 11177 | D:8      | Noticed a two-headed ogre
 11181 | D:8      | Killed a two-headed ogre
 11182 | D:8      | Reached skill level 5 in Dodging
 11182 | D:8      | Reached XP level 10. HP: 41/58 MP: 14/23
 11192 | D:8      | Reached ** piety under Fedhas
 11681 | D:8      | Noticed Erica
 11693 | D:8      | Noticed Grum
 11711 | D:8      | Killed Erica
 11711 | D:8      | Killed Grum
 11712 | D:8      | Reached skill level 5 in Fighting
 11712 | D:8      | Reached skill level 8 in Spellcasting
 12469 | D:9      | Noticed Joseph
 12480 | D:9      | Killed Joseph
 12507 | D:9      | Noticed Gastronok
 12523 | D:9      | Found a flagged portal.
 12534 | Bailey   | Entered a bailey
 12752 | Bailey   | Learned a level 4 spell: Petrify
 12758 | Bailey   | Learned a level 5 spell: Yara's Violent Unravelling
 12764 | Bailey   | Reached *** piety under Fedhas
 12849 | Bailey   | Identified a scroll of acquirement
 12849 | Bailey   | Acquired a book of Transfigurations
 12855 | Bailey   | Noticed an orc knight
 12860 | Bailey   | Noticed an orc knight
 12861 | Bailey   | Killed an orc knight
 12862 | Bailey   | Noticed an orc knight
 12909 | Bailey   | Killed an orc knight
 12910 | Bailey   | Reached skill level 9 in Spellcasting
 12910 | Bailey   | Reached XP level 11. HP: 34/64 MP: 1/26
 12972 | Bailey   | Killed an orc knight
 13170 | Bailey   | Noticed an orc knight
 13176 | Bailey   | Killed an orc knight
 13202 | Bailey   | Reached skill level 1 in Armour
 13202 | Bailey   | Reached skill level 1 in Shields
 13202 | Bailey   | Reached skill level 10 in Spellcasting
 13202 | Bailey   | Reached skill level 1 in Hexes
 13202 | Bailey   | Reached skill level 1 in Summonings
 13202 | Bailey   | Reached skill level 1 in Necromancy
 13202 | Bailey   | Reached skill level 1 in Translocations
 13202 | Bailey   | Reached skill level 1 in Ice Magic
 13202 | Bailey   | Reached skill level 5 in Air Magic
 13202 | Bailey   | Reached skill level 1 in Earth Magic
 13202 | Bailey   | Reached skill level 5 in Invocations
 13202 | Bailey   | Reached XP level 12. HP: 70/70 MP: 17/28
 13206 | Bailey   | Acquired a book of Fire
 13215 | Bailey   | Learned a level 6 spell: Hydra Form
 13254 | D:9      | Killed Gastronok
 13255 | D:9      | Reached skill level 5 in Fire Magic
 13880 | D:9      | Gained mutation: You are dopey. (Int -2) [mutagenic glow]
 14254 | D:10     | Entered Level 10 of the Dungeon
 14346 | D:10     | Reached **** piety under Fedhas
 14385 | D:10     | Reached skill level 1 in Unarmed Combat
 15229 | D:10     | Found Saneyhai's Weapon Emporium.
 15697 | D:11     | Reached skill level 11 in Spellcasting
 16088 | D:11     | Found a staircase to the Lair.
 16095 | D:11     | Noticed a boulder beetle
 16103 | D:11     | Killed a boulder beetle
 16474 | D:11     | Noticed a fire dragon
 16502 | D:11     | HP: 2/93 [fire dragon/blast of flame (32)]
 16503 | D:11     | Slain by a fire dragon

Illustrated notes

Levels and vault maps discovered:
D:1:      wander_arrival_fairy_ring, layout_basic, serial_bayou_pond_d,
          st_stairs_1
D:2:      layout_loops_cross
D:3:      layout_basic, gammafunk_ghost_icy
D:4:      layout_basic, uniq_pikel
D:5:      layout_gridville, grunt_dithmenos_shadows, minmay_liquid_box
D:6:      layout_basic, minmay_temple_entry_large_hall, minmay_gold_behind_fungi
D:7:      layout_basic, overflow_temple_1_default,
          nicolae_qazlal_eye_of_the_storm, serial_shops,
          nicolae_shop_overgrown_old_shop
D:8:      layout_loops_cross, overflow_temple_1_default, sigmund_army,
          uniq_grum, uniq_erica
D:9:      layout_basic, enter_bailey_5, uniq_gastronok, uniq_joseph
D:10:     layout_basic, serial_shops, nicolae_shop_stone
D:11:     minmay_the_grid_4x2 [minmay_the_grid_garden, minmay_the_grid_embedded,
          minmay_the_grid_all_tris, minmay_the_grid_dragon_b,
          minmay_the_grid_aliased_spiral, minmay_the_grid_box_x,
          minmay_the_grid_tree, minmay_the_grid_prize_big_room], layout_rooms,
          minmay_orc_entry_temple_small
Temple:   dpeg_five_rooms_temple

Skill      XL: |  1  2  3  4  5  6  7  8  9 10 11 12 |
---------------+-------------------------------------+-----
Transmutations | 2 3 4 5 6 7 |  7.0
Fighting       | 1 2 3 4 5 6 7 |  7.1
Air Magic      | 1 2 3 4 5 |  5.5
Spellcasting   | 4 5 6 7 9 10 11 | 11.3
Fire Magic     | 1 3 4 5 |  5.3
Poison Magic   | 4 5 6 7 8 |  8.6
Staves         | 1 2 3 4 |  4.2
Conjurations   | 1 2 3 4 |  4.9
Dodging        | 4 5 6 7 8 |  8.3
Evocations     | 3 4 |  4.6
Stealth        | 3 4 |  4.3
Invocations    | 2 3 5 |  5.9
Armour         | 1 |  1.1
Shields        | 1 |  1.6
Hexes          | 1 |  1.9
Summonings     | 1 |  1.5
Necromancy     | 1 |  1.7
Translocations | 1 |  1.5
Ice Magic      | 1 |  1.5
Earth Magic    | 1 |  1.6
Unarmed Combat | 1 |  1.6

Action                   |  1- 3 |  4- 6 |  7- 9 | 10-12 || total
-------------------------+-------+-------+-------+-------++-------
Melee: Unarmed           |    27 |    11 |       |    40 ||    78
       Quarterstaff      |       |    54 |   148 |    36 ||   238
       Headbutt          |       |       |     1 |    22 ||    23
       Staff             |       |       |       |    64 ||    64
 Cast: Sting             |    32 |    19 |    19 |    25 ||    95
       Poisonous Vapours |    25 |    36 |    51 |    60 ||   172
       Ignite Poison     |     2 |    10 |    41 |    72 ||   125
       Mephitic Cloud    |     2 |     9 |    34 |    53 ||    98
       Olgreb's Toxic Ra |       |       |    15 |    27 ||    42
       Petrify           |       |       |       |     3 ||     3
       Hydra Form        |       |       |       |     2 ||     2
Invok: Grow Ballistomyce |       |       |       |     2 ||     2
       Overgrow          |       |       |       |     2 ||     2
Evoke: Wand              |       |       |       |     5 ||     5
  Use: Scroll            |     4 |     5 |     8 |    13 ||    30
       Potion            |     2 |     1 |     4 |     7 ||    14
 Stab: Confused          |       |     2 |       |     1 ||     3
       Invisible         |       |       |       |     1 ||     1
Armor: Robe              |    17 |    19 |    38 |    37 ||   111
       Skin              |     3 |       |    15 |    20 ||    38
Dodge: Dodged            |    48 |    54 |   113 |   193 ||   408
Block: Other             |       |     8 |    33 |    60 ||   101
       Reflection        |       |       |     3 |     2 ||     5
